 Dungeon Crawl Stone Soup version 0.24.1-14-gf8d2b509d9 (console) character file.

Game seed: 17091150668275815923, levelgen mode: deterministic

9 Kagalorn the Grasshopper (level 2, -1/23 HPs)
             Began as a Barachi Warper on Aug 12, 2020.
             Slain by an orc
             ... wielding a +0 trident
              (4 damage)
             ... on level 3 of the Dungeon.
             The game lasted 00:02:36 (260 turns).

Kagalorn the Grasshopper (Barachi Warper)            Turns: 260, Time: 00:02:38

Health: -1/23      AC:  4    Str: 12    XL:     2   Next: 16%
Magic:  0/5        EV: 12    Int: 13    God:
Gold:   16         SH:  0    Dex: 11    Spells: 5/5 levels left

rFire    . . .     SeeInvis .     - Unarmed
rCold    . . .     Gourm    .   (no shield)
rNeg     . . .     Faith    .   a - +1 leather armour
rPois    .         Spirit   +   (no helmet)
rElec    .         Reflect  .   (no cloak)
rCorr    .         Harm     .   (no gloves)
MR       .....                  (no boots)
Stlth    ++........             i - amulet of guardian spirit
HPRegen  0.07/turn              b - ring of stealth
MPRegen  0.09/turn              (no ring)

@: can't hop, slow
A: +LOS, swims, slowness 1, strong legs 1
a: Hop


You were on level 3 of the Dungeon.
You were not hungry.

You visited 1 branch of the dungeon, and saw 3 of its levels.

You collected 16 gold pieces.

Inventory:

Missiles
 d - 5 boomerangs of dispersal (quivered)
Armour
 a - a +1 leather armour (worn)
Jewellery
 b - a ring of stealth (left hand)
 i - an amulet of guardian spirit (around neck)
Scrolls
 c - a scroll of blinking
Potions
 e - a potion of heal wounds
 h - a potion of agility {unknown}
Comestibles
 f - a ration


   Skills:
 + Level 2.8 Fighting
 - Level 1.0 Throwing
 - Level 1.2 Armour
 - Level 2.1 Dodging
 * Level 2.8 Unarmed Combat
 - Level 2.1 Spellcasting
   Level 3.2 Translocations


You had 5 spell levels left.
You didn't know any spells.
Your spell library contained the following spells:

 Spells                   Type           Power        Failure   Level  Hunger
 Blink                    Tloc           N/A          12%         2    ###....
 Shroud of Golubria       Chrm/Tloc      #.....       24%         2    ###....
 Gell's Gravitas          Tloc           #.........   24%         3    ####...
 Lesser Beckoning         Tloc           #.........   24%         3    ####...
 Teleport Other           Tloc           #.......     24%         3    ####...
 Passage of Golubria      Tloc           N/A          63%         4    #####..


Dungeon Overview and Level Annotations

Branches:
Dungeon (3/15)

Altars:
Qazlal

Annotations:
D:3 Sigmund


Innate Abilities, Weirdness & Mutations

Shadows flee at your approach. (+LOS)
You can swim through water.
You cover ground slowly.
You can hop short distances.


Message History

Blink to where?
Press: ? - help, Dir - move target cursor
Okay, then.
Your legs are too worn out to hop.
The bat hits you but does no damage.
The orc hits you from afar with a +0 trident.
Found 15 gold pieces.
The bat hits you.
Found a cloak.
The bat misses you.
A kobold comes into view. It is wielding a +0 whip.
The bat hits you but does no damage. The bat hits you.
The kobold shouts!
The bat hits you but does no damage.
A puff of flame appears from out of thin air!
The puff of flame hits you!
* * * LOW HITPOINT WARNING * * *
The orc hits you from afar with a +0 trident.
You die...

........[
######.....
..!.#....##########
#.........o...o.#
#[...o.########.#
#...l..# ###'##
#.######......#
#..oo.
#....$....o...#
#.....
.....#b@.....#
#..... ###
#.......# #.....
#<......# #..o..
#.......# #.....
#.#..#### ###.##
..#..# #)# ....K.#
#.# #####.## ####.#
.#########....##


You could see 2 orcs, a bat, a kobold and a frilled lizard.

Vanquished Creatures
  3 jackals (D:3)
  A kobold (D:2)
  3 bats
  A frilled lizard (D:1)
  2 rats (D:1)
10 creatures vanquished.

Notes
Turn   | Place    | Note
-------+----------+-------------------------------------------
     0 | D:1      | Kagalorn the Barachi Warper began the quest for the Orb.
     0 | D:1      | Reached XP level 1. HP: 17/17 MP: 3/3
   124 | D:2      | Found a stormy altar of Qazlal.
   168 | D:3      | Reached XP level 2. HP: 23/23 MP: 5/5
   209 | D:3      | Noticed Sigmund
   260 | D:3      | Slain by an orc

Levels and vault maps discovered:
D:1:      dpeg_arrival_tiny_i, layout_basic, tso_altar
D:2:      layout_rooms, grunt_qazlal_clouds,
          chequers_temple_overflow_statue_of_worship, minmay_pentomino_pile,
          uniq_robin
D:3:      layout_basic, portal_sewer_entry_d, kennysheep_generic_room_5,
          uniq_sigmund, uniq_grinder

Action                   || total
-------------------------++-------
Melee: Unarmed           ||    38
 Abil: Hop               ||     1
  Use: Potion            ||     1
       Scroll            ||     1
 Stab: Sleeping          ||     3
Armor: Leather armour    ||    43
Dodge: Dodged            ||    81
